Map: Hard Lead LE

Players

SubN

  • Race: Zerg Zerg
  • League: Diamond
  • Spawn Location: 11:00

twotyQ - Winner!

  • Race: Protoss Protoss
  • League: Diamond
  • Spawn Location: 5:00

VOD

Have the link to the VOD?

Description

Time

  • Played on: Dec. 21, 2023, 6:57 p.m.
  • Length: 9:31
Show
View Real Time Build Order
Export as new Build Order

SubN Zerg 

Build Orders: Hatch First 

Get SALT Encoding   

  12  0:00  Drone  
  13  0:12  Overlord  
  13  0:17  Drone  
  14  0:30  Drone x2  
  16  1:02  Drone x2  
  18  1:05  Hatchery  
  18  1:07  Drone  
  18  1:09  Extractor  
  17  1:18  Spawning Pool  
  17  1:20  Drone  
  18  1:25  Drone  
  18  1:34  Drone  
  19  1:45  Drone  
  20  2:00  Overlord  
  20  2:09  Queen  
  20  2:11  Metabolic Boost  
  22  2:18  Queen  
  24  2:27  Drone x2  
  26  2:33  Drone x2  
  28  2:38  Drone  
  28  2:40  Drone  
  28  2:41  Drone  
  31  2:44  Queen  
  33  2:59  Hatchery  
  30  3:18  Drone x6  
  36  3:27  Lair  
  36  3:30  Overlord  
  36  3:32  Overlord  
  36  3:43  Overlord  
  30  4:03  Drone x9  
  39  4:13  Queen  
  39  4:15  Drone x5  
  46  4:26  Evolution Chamber  
  46  4:28  Evolution Chamber  
  46  4:31  Roach Warren  
  43  4:32  Overseer  
  43  4:36  Queen  
  45  4:45  Drone x4  
  49  4:46  Drone  
  49  4:48  Extractor  
  49  4:49  Drone x2  
  49  4:52  Extractor  
  50  4:55  Extractor  
  50  4:56  Zerg Missile Weapons Level 1  
  50  4:59  Drone  
  51  5:00  Drone x2  
  51  5:01  Drone  
  51  5:03  Drone  
  51  5:04  Drone  
  55  5:15  Zerg Ground Armor Level 1  
  55  5:20  Queen  
  57  5:23  Drone x4  
  57  5:27  Roach x2  
  65  5:29  Overlord  
  65  5:31  Roach  
  65  5:35  Roach  
  60  5:38  Roach  
  60  5:40  Roach  
  61  5:49  Roach x3  
  62  6:02  Roach  
  62  6:03  Roach x3  
  62  6:08  Drone x2  
  55  6:14  Drone x2  
  57  6:21  Drone x2  
  57  6:23  Drone  
  57  6:42  Drone x6  
  63  6:57  Drone x5  
  63  6:58  Drone x2  
  68  7:04  Queen  
  68  7:05  Drone x2  
  72  7:17  Roach  
  72  7:19  Overlord  
  72  7:20  Overlord  
  74  7:25  Drone x2  
  67  7:33  Roach  
  67  7:34  Roach  
  66  7:38  Drone x2  
  64  7:53  Drone  
  64  7:54  Drone x2  
  64  7:55  Glial Reconstitution  
  68  7:58  Drone  
  68  7:59  Drone x2  
  70  8:09  Queen  
  70  8:11  Queen  
  72  8:25  Drone x7  
  78  8:46  Drone x11  
  83  8:56  Roach x3  
  87  9:15  Overseer  
Show
View Real Time Build Order
Export as new Build Order

twotyQ Protoss - Winner!

Build Orders: 1 Gate Expand 

Get SALT Encoding   

  12  0:00  Probe  
  13  0:18  Pylon  
  13  0:19  Probe  
  14  0:40  Gateway, Probe (Chrono Boost)  
  16  0:50  Probe (Chrono Boost)  
  16  0:55  Probe (Chrono Boost)  
  16  1:01  Assimilator  
  16  1:07  Probe  
  17  1:24  Nexus  
  17  1:28  Probe  
  18  1:38  Cybernetics Core  
  18  1:41  Probe  
  19  1:51  Pylon  
  19  1:53  Probe  
  20  2:01  Assimilator  
  20  2:05  Probe  
  21  2:12  Adept (Chrono Boost)  
  23  2:18  Probe  
  23  2:19  Warp Gate  
  24  2:31  Probe (Chrono Boost)  
  25  2:38  Probe (Chrono Boost)  
  25  2:39  Adept (Chrono Boost)  
  29  2:47  Probe x2 (Chrono Boost)  
  30  2:52  Probe (Chrono Boost)  
  30  2:54  Probe  
  30  2:55  Twilight Council  
  32  3:04  Probe  
  33  3:06  Probe  
  34  3:16  Probe  
  35  3:21  Probe  
  35  3:22  Resonating Glaives  
  36  3:27  Pylon  
  36  3:29  Probe  
  36  3:30  Robotics Facility  
  36  3:33  Probe  
  38  3:35  Gateway  
  38  3:41  Probe  
  39  3:45  Probe  
  40  3:53  Probe  
  41  3:57  Probe  
  41  4:01  Assimilator  
  38  4:05  Probe  
  38  4:06  Pylon  
  38  4:07  Adept  
  38  4:09  Probe  
  42  4:14  Gateway x2  
  42  4:15  Gateway, Warp Prism (Chrono Boost)  
  44  4:26  Probe x2, Assimilator  
  46  4:31  Stalker  
  46  4:35  Adept  
  50  4:48  Gateway  
  50  5:03  Adept x2  
  54  5:12  Charge  
  54  5:14  Adept x3  
  60  5:22  Probe x2  
  62  5:33  Adept  
  62  5:45  Pylon  
  62  5:56  Pylon  
  62  6:01  Probe x2  
  62  6:02  Immortal (Chrono Boost)  
  62  6:04  Adept x3  
  68  6:10  Shield Battery  
  60  6:12  Shield Battery  
  60  6:14  Probe x2  
  60  6:15  Pylon  
  62  6:21  Adept x2  
  62  6:22  Adept  
  68  6:26  Probe x2  
  68  6:33  Immortal  
  68  6:38  Probe x2  
  72  6:41  Adept  
  72  6:42  Adept x4  
  72  6:47  Nexus  
  78  6:58  Adept  
  78  7:08  Adept x3  
  80  7:09  Adept  
  80  7:11  Probe x2  
  84  7:21  Immortal  
  86  7:27  Probe x2  
  86  7:29  Pylon  
  82  7:30  Pylon  
  82  7:33  Pylon  
  80  7:38  Adept  
  80  7:39  Probe x2, Adept  
  84  7:51  Probe x2, Adept x2  
  80  7:56  Shield Battery  
  84  8:00  Shield Battery x2  
  84  8:01  Immortal  
  84  8:03  Probe x2  
  90  8:05  Forge  
  90  8:15  Probe x2  
  92  8:21  Adept x3  
  92  8:22  Adept  
  100  8:27  Probe  
  97  8:37  Probe x2  
  97  8:38  Adept x2  
  97  8:39  Probe  
  104  8:42  Assimilator  
  104  8:45  Photon Cannon  
  104  8:47  Assimilator  
  98  8:48  Photon Cannon x2  
  98  8:49  Probe, Photon Cannon  
  99  9:12  Adept x4  
  99  9:13  Probe x3  
  108  9:17  Stalker x2  
  108  9:23  Nexus  
Tags
 
Add a new tag
Caveats
  • Supply blocks, unpowered buildings, or Contaminate may cause inaccurate times.
  • Supply counts are checked every 10 seconds.